 Dungeon Crawl Stone Soup version 0.23-a0-175-g97aacdb (console) character file.

3159 nht the Grappler (level 9, -10/75 HPs)
             Began as a Red Draconian Transmuter on Sept 17, 2018.
             Was a Follower of Ru.
             Killed by divine providence
             ... invoked by an orc priest
              (14 damage)
             ... on level 8 of the Dungeon.
             The game lasted 00:12:37 (6164 turns).

nht the Grappler (Red Draconian Transmuter)         Turns: 6164, Time: 00:12:37

Health: -10/75     AC: 10    Str: 13    XL:     9   Next: 62%
Magic:  12/12      EV: 12    Int: 22    God:    Ru [*.....]
Gold:   277        SH: 10    Dex: 15    Spells: 3/12 levels left

rFire    + . .     SeeInvis .     - Unarmed
rCold    . . .     Gourm    .   g - +0 buckler
rNeg     . . .     Faith    .   (armour unavailable)
rPois    .         Spirit   .   (helmet restricted)
rElec    .         Reflect  +   s - +0 cloak
rCorr    .         Harm     .   e - +1 pair of gloves
MR       .....                  (no boots)
Stlth    +.........             o - +5 amulet of reflection
HPRegen  0.22/turn              l - +4 ring of dexterity
MPRegen  0.13/turn              (no ring)

@: brilliant, drained
A: breathe fire, unfitting armour, fire resistance 1, cold-blooded, no charms
magic, no hexes magic, no ice magic, AC +7
a: Breathe Fire, Renounce Religion


You were on level 8 of the Dungeon.
You worshipped Ru.
Ru was aware of your devotion.
You were not hungry.

You visited 2 branches of the dungeon, and saw 9 of its levels.

You collected 277 gold pieces.

Inventory:

Missiles
 a - 140 arrows
Armour
 e - a +1 pair of gloves (worn)
 g - a +0 buckler (worn)
 s - a +0 cloak (worn)
Jewellery
 l - a +4 ring of dexterity (left hand)
 o - a +5 amulet of reflection (around neck)
Wands
 u - a wand of disintegration (9)
Scrolls
 f - 6 scrolls of teleportation
 j - 2 scrolls of fear
 r - a scroll of remove curse
 t - 2 scrolls of immolation
Potions
 b - a potion of invisibility
 d - a potion of lignification
 h - a potion of flight
 i - 2 potions of brilliance
 k - 4 potions of ambrosia
 n - 2 potions of heal wounds {unknown}
 q - a potion of resistance
 v - a potion of mutation {unknown}
 w - 2 potions of curing
Comestibles
 c - 16 rations
 m - a chunk of flesh


   Skills:
 + Level 6.1(5.8) Fighting
 - Level 1.7(1.5) Dodging
 - Level 4.0(3.8) Shields
 * Level 10.0(9.7) Unarmed Combat
 - Level 2.0(1.8) Spellcasting
 + Level 6.9(6.7) Transmutations


You had 3 spell levels left.
You knew the following spells:

 Your Spells              Type           Power        Failure   Level  Hunger
a - Beastly Appendage     Tmut           #####.       1%          1    #......
b - Spider Form           Tmut/Pois      ####......   1%          3    ###....
c - Blade Hands           Tmut           #####.....   3%          5    ######.

Your spell library contained the following spells:

 Spells                   Type           Power        Failure   Level  Hunger
 Sticks to Snakes         Tmut           #####...     1%          2    ###....
 Corona                   Hex            Unusable     N/A         1    N/A
 Ensorcelled Hibernation  Hex/Ice        Unusable     N/A         2    N/A
 Confuse                  Hex            Unusable     N/A         3    N/A
 Dazzling Spray           Conj/Hex       Unusable     N/A         3    N/A
 Tukima's Dance           Hex            Unusable     N/A         3    N/A
 Ice Form                 Ice/Tmut       Unusable     N/A         4    N/A

Dungeon Overview and Level Annotations

Branches:
Dungeon (8/15)             Temple (1/1) D:5
   Lair: D:8-11

Altars:
Ashenzari
Cheibriados
Dithmenos
Elyvilon
Fedhas
Gozag
Hepliaklqana
Kikubaaqudgha
Makhleb
Nemelex Xobeh
Okawaru
Qazlal
Ru
Sif Muna
Trog
Uskayaw
Vehumet
Wu Jian
Xom
Yredelemnul
Zin


Innate Abilities, Weirdness & Mutations

You can breathe blasts of fire.
Your fiery red scales are hard. (AC +7)
You cannot fit into any form of body armour.
Your flesh is heat resistant. (rF+)
You are cold-blooded and may be slowed by cold attacks.
You cannot study or cast Charms magic.
You cannot study or cast Hexes magic.
You cannot study or cast Ice magic.


Message History

You kill the orc wizard!
The orc priest mumbles some strange prayers to Beogh against you.
Beogh smites you!
Evoke which item? (* to show all) (? for menu, Esc to quit)
Aiming: Corrosive Bolt
Press: ? - help, Shift-Dir - straight line, f/p - orc priest
Aim: an orc priest, wielding a hand axe The bolt of acid misses the killer bee.
The bolt of acid misses the orc priest.
The now-empty wand crumbles to dust.
The killer bee misses you.
The orc priest mumbles some strange prayers to Beogh against you.
Beogh smites you!
* * * LOW HITPOINT WARNING * * *
The killer bee stings you!
* * * LOW HITPOINT WARNING * * *
It was a potion of brilliance.
You feel clever all of a sudden. You block the killer bee's attack.
The orc priest calls down the wrath of Beogh upon you.
Beogh smites you!
You die... ██.█ █..█ █.█ █.██ █.█ █)██████ █.█ ..).█.. █.█ ..█...███ █.█ ████....█ █.█ █ █..██.██ █.█ ███.███..████ █@█ ██..█ ██....██ █y█

█..██
████..███y██
█.██
██....).███████
█.█
█████÷o.....)█
..█ █..███...█
.██ ██o█...█..█
.█ ██o.......█
.█ █...████..█


You could see 2 killer bees, 2 orc priests and an orc.

Vanquished Creatures
  2 hippogriffs (D:7)
  A hungry ghost (D:8)
  2 ice beasts
  4 ogres (D:8)
  A phantom (D:4)
  5 bullfrogs
  A wyvern skeleton (D:7)
  A scorpion (D:5)
  A killer bee (D:8)
  9 wights
  A howler monkey (D:5)
  4 bullfrog zombies
  3 crimson imps
  3 hounds
  4 orc priests
  3 bullfrog skeletons
  Crazy Yiuf (D:6)
  An iguana (D:7)
  Terence (D:3)
  Ijyb (D:3)
  Natasha (thrice) (D:3)
  3 orc wizards
  5 worker ants
  A hound zombie (D:7)
  A hound skeleton (D:4)
  Robin (D:3)
  11 adders
  2 shadow imps
  An ooze (D:2)
  An adder skeleton (D:5)
  An adder zombie (D:6)
  A worm (D:3)
  2 dart slugs
  11 leopard geckos
  17 orcs
  2 ball pythons (D:2)
  4 giant cockroaches
  2 gnoll zombies (D:3)
  8 goblins
  17 hobgoblins
  9 jackals
  4 kobolds
  3 quokkas
  A ball python skeleton (D:4)
  7 bats
  2 frilled lizards
  A leopard gecko skeleton (D:4)
  8 rats
178 creatures vanquished.

Notes
Turn   | Place    | Note
-------+----------+-------------------------------------------
     0 | D:1      | nht the Draconian Transmuter began the quest for the Orb.
     0 | D:1      | Reached XP level 1. HP: 16/16 MP: 3/3
   144 | D:1      | Reached XP level 2. HP: 14/23 MP: 3/5
   219 | D:1      | HP: 1/23 [hobgoblin/club (3)]
   630 | D:1      | Reached XP level 3. HP: 17/28 MP: 4/6
   828 | D:2      | Found an iron altar of Okawaru.
   882 | D:2      | Reached skill level 4 in Unarmed Combat
   978 | D:2      | Learned a level 3 spell: Spider Form
   999 | D:2      | Reached XP level 4. HP: 26/35 MP: 0/7
  1053 | D:2      | Reached skill level 1 in Shields
  1446 | D:3      | Reached XP level 5. HP: 23/40 MP: 8/8
  1544 | D:3      | Noticed Robin
  1557 | D:3      | Killed Robin
  1661 | D:3      | Noticed Natasha
  1678 | D:3      | HP: 2/40 [shadow imp[Natasha] (2)]
  1683 | D:3      | Killed Natasha
  1683 | D:3      | Reached skill level 5 in Unarmed Combat
  2028 | D:3      | Noticed Natasha
  2036 | D:3      | Killed Natasha
  2055 | D:3      | Noticed Ijyb
  2065 | D:3      | Killed Ijyb
  2196 | D:3      | Noticed Natasha
  2202 | D:3      | Killed Natasha
  2202 | D:3      | Reached XP level 6. HP: 47/47 MP: 4/9
  2344 | D:3      | Found a basalt altar of Yredelemnul.
  2406 | D:3      | Noticed Terence
  2416 | D:3      | Killed Terence
  2432 | D:3      | Found a bloodstained altar of Trog.
  2433 | D:3      | Found a deep blue altar of Sif Muna.
  2679 | D:4      | Found a shimmering altar of Xom.
  3242 | D:5      | Entered Level 5 of the Dungeon
  3277 | D:4      | Reached skill level 6 in Unarmed Combat
  3277 | D:4      | Your scales start taking on a fiery red colour.
  3277 | D:4      | Reached XP level 7. HP: 30/52 MP: 10/10
  3277 | D:4      | Gained mutation: Your flesh is heat resistant. (rF+) [Red
                  | Draconian growth]
  3412 | D:4      | Learned a level 5 spell: Blade Hands
  3450 | D:5      | Found Muxaliwu's General Store.
  3754 | D:5      | Found a staircase to the Ecumenical Temple.
  3757 | D:5      | Reached skill level 7 in Unarmed Combat
  3767 | Temple   | Entered the Ecumenical Temple
  3893 | Temple   | Became a worshipper of Ru the Awakened
  4077 | D:6      | Reached XP level 8. HP: 62/62 MP: 9/11
  4109 | D:6      | Found a runed door.
  4131 | D:6      | Found a burning altar of Makhleb.
  4133 | D:6      | Noticed a balrug
  4232 | D:6      | Reached skill level 5 in Transmutations
  4250 | D:6      | Found an ornate altar of the Wu Jian Council.
  4505 | D:6      | Found a radiant altar of Vehumet.
  4635 | D:6      | Found a shattered altar of Ashenzari.
  4707 | D:6      | Gained mutation: You cannot study or cast Ice magic. [Ru
                  | sacrifice]
  4707 | D:6      | Gained mutation: You cannot study or cast Hexes magic. [Ru
                  | sacrifice]
  4707 | D:6      | Gained mutation: You cannot study or cast Charms magic. [Ru
                  | sacrifice]
  4707 | D:6      | Reached * piety under Ru
  4939 | D:6      | Noticed Crazy Yiuf
  4945 | D:6      | Killed Crazy Yiuf
  5184 | D:7      | Reached skill level 8 in Unarmed Combat
  5242 | D:7      | Found a blossoming altar of Fedhas.
  5249 | D:7      | Noticed a hippogriff
  5272 | D:7      | Killed a hippogriff
  5500 | D:7      | Noticed a hippogriff
  5506 | D:7      | Killed a hippogriff
  5506 | D:7      | Reached XP level 9. HP: 68/73 MP: 12/12
  5570 | D:7      | Reached skill level 9 in Unarmed Combat
  5819 | D:8      | Found a white marble altar of Elyvilon.
  5828 | D:8      | Reached skill level 5 in Fighting
  6141 | D:8      | Noticed a dagger
  6141 | D:8      | Noticed a dagger
  6145 | D:8      | Found a hide-covered altar of Uskayaw.
  6161 | D:8      | Reached skill level 10 in Unarmed Combat
  6164 | D:8      | Killed from afar by an orc priest

Vault maps used:
D:1:      eino_arrival_cavern_d
D:2:      overflow_temple_1_default
D:3:      lemuel_zombie_altar_yredelemnul, gammafunk_temple_overflow_statue,
          first_ration, uniq_ijyb, uniq_terence, uniq_robin, uniq_natasha
D:4:      tgw_xom, guppyfry_early_lair_pool
D:5:      temple_pool_b, serial_shops, nicolae_shop_crystal
D:6:      nicolae_overflow_crystal_walls, makhleb_altar_promises_db,
          vehumet_crystals, kennysheep_mini_moat, uniq_crazy_yiuf_cottage
D:7:      kennysheep_little_box, serial_park_tiny_1
D:8:      dancing_weapons_uskayaw, lemuel_round_altar, elyvilon_altar_4,
          grunt_livestock
Temple:   nicolae_temple_figure_zero

Skill      XL: |  1  2  3  4  5  6  7  8  9 |
---------------+----------------------------+-----
Unarmed Combat | 4 5 6 7 8 10 | 10.0
Shields        | 1 2 3 4 |  4.0
Transmutations | 3 4 6 |  6.9
Fighting       | 2 4 6 |  6.1
Dodging        | |  1.7
Spellcasting   | |  2.0

Action                   |  1- 3 |  4- 6 |  7- 9 || total
-------------------------+-------+-------+-------++-------
Melee: Unarmed           |   126 |   222 |   325 ||   673
       Kick              |     8 |    14 |    23 ||    45
       Tailslap          |     5 |    24 |    38 ||    67
       Headbutt          |     7 |    11 |    23 ||    41
       Punch             |     2 |       |       ||     2
 Cast: Beastly Appendage |    21 |    24 |    23 ||    68
       Spider Form       |     1 |    11 |     4 ||    16
Invok: Sacrifice Arcana  |       |       |     1 ||     1
 Abil: Breathe Fire      |       |       |    11 ||    11
Evoke: Wand              |       |       |    14 ||    14
  Use: Potion            |     1 |     2 |     1 ||     4
       Scroll            |       |     9 |     7 ||    16
 Stab: Sleeping          |       |     2 |       ||     2
  Eat: Chunk             |     1 |    10 |    15 ||    26
Armor: Skin              |    43 |    50 |    72 ||   165
Dodge: Dodged            |    88 |   115 |   138 ||   341
Block: Buckler           |     2 |    34 |    90 ||   126

Table legend:
 A = Non-vault XP
 B = Vault XP
 C = Vault XP percentage of total XP
 D = Non-vault monster count
 E = Vault monster count
 F = Vault count percentage of total count
                 A         B        C        D         E       F
            +---------+---------+-------+---------+---------+-------
      Total |    4328 |     185 |   4.1 |     160 |      18 |  10.1
            +---------+---------+-------+---------+---------+-------
        D:1 |      47 |       0 |   0.0 |      25 |       0 |   0.0
        D:2 |      88 |       0 |   0.0 |      21 |       0 |   0.0
        D:3 |     193 |     138 |  41.7 |      22 |      12 |  35.3
        D:4 |     264 |       7 |   2.6 |      10 |       4 |  28.6
        D:5 |     739 |       3 |   0.4 |      25 |       1 |   3.8
        D:6 |     410 |      37 |   8.3 |       8 |       1 |  11.1
        D:7 |    1101 |       0 |   0.0 |      22 |       0 |   0.0
        D:8 |    1486 |       0 |   0.0 |      27 |       0 |   0.0
            +---------+---------+-------+---------+---------+-------
